 Dungeon Crawl Stone Soup version 0.22-a0-565-gfc6459a (webtiles) character file.

1584 Hebeh the Cleaver (level 8, -4/71 HPs)
             Began as a Minotaur Fighter on June 28, 2018.
             Killed from afar by an electric eel (12 damage)
             ... with a bolt of electricity
             ... on level 7 of the Dungeon.
             The game lasted 00:18:14 (5574 turns).

Hebeh the Cleaver (Minotaur Fighter)                Turns: 5574, Time: 00:18:15

Health: -4/71      AC: 12    Str: 23    XL:     8   Next: 61%
Magic:  7/7        EV: 10    Int:  5    God:
Gold:   354        SH: 10    Dex: 10    Spells: 7/7 levels left

rFire    . . .     SeeInvis .   a - +0 war axe
rCold    . . .     Gourm    .   c - +0 shield
rNeg     . . .     Faith    .   b - +0 scale mail
rPois    .         Spirit   .   (helmet restricted)
rElec    .         Reflect  .   m - +0 cloak
rCorr    .         Harm     .   (no gloves)
MR       .....                  y - +2 pair of boots
Stlth    ..........             (no amulet)
HPRegen  0.21/turn              p - +2 ring of evasion
MPRegen  0.10/turn              (no ring)

@: no status effects
A: retaliatory headbutt, horns 2
a: no special abilities


You were on level 7 of the Dungeon.
You were hungry.

You visited 2 branches of the dungeon, and saw 8 of its levels.

You collected 354 gold pieces.

Inventory:

Hand Weapons
 a - a +0 war axe (weapon)
 e - a +0 hand axe of freezing
Armour
 b - a +0 scale mail (worn)
 c - a +0 shield (worn)
 m - a +0 cloak (worn)
 t - a +0 pair of boots
 y - a +2 pair of boots (worn)
Jewellery
 p - a +2 ring of evasion (left hand)
 A - an uncursed ring of see invisible {unknown}
Wands
 g - a wand of polymorph (11)
 s - a wand of digging (14)
 u - a wand of disintegration (16)
 v - a wand of clouds (4)
 w - a wand of random effects (30)
Scrolls
 h - a scroll of immolation {unknown}
 i - 5 scrolls of teleportation
 j - a scroll of enchant weapon {unknown}
 o - 3 scrolls of fear
 x - 5 scrolls of identify
 z - a scroll of enchant armour {unknown}
 D - 2 scrolls of remove curse
 G - a scroll of magic mapping {unknown}
 H - a scroll of fog {unknown}
 K - a scroll of silence {unknown}
Potions
 d - a potion of might
 k - 2 potions of magic {unknown}
 l - 2 potions of lignification
 n - 3 potions of haste
 q - a potion of flight {unknown}
 r - 4 potions of curing {unknown}
 B - a potion of degeneration {unknown}
 C - a potion of heal wounds {unknown}
 E - 4 potions of agility {unknown}
 F - a potion of mutation {unknown}
 I - a potion of berserk rage {unknown}
Comestibles
 f - 12 rations


   Skills:
 + Level 6.9 Fighting
 * Level 8.5 Axes
 + Level 6.8 Armour
 + Level 6.9 Shields


You had 7 spell levels left.
You didn't know any spells.
Your spell library contained the following spells:

 Spells                   Type           Power        Failure   Level  Hunger
 Confuse                  Hex            #.......     100%        3    ####...
 Confusing Touch          Hex            #.....       98%         1    ##.....
 Metabolic Englaciation   Hex/Ice        #.........   100%        5    ######.
 Petrify                  Tmut/Erth      #.......     100%        4    #####..
 Gell's Gravitas          Tloc           #.........   100%        3    ####...
 Yara's Violent Unravell  Hex/Tmut       #.........   100%        5    ######.


Dungeon Overview and Level Annotations

Branches:
Dungeon (7/15)             Temple (1/1) D:4

Altars:
Ashenzari
Cheibriados
Dithmenos
Elyvilon
Gozag
Hepliaklqana
Kikubaaqudgha
Makhleb
Nemelex Xobeh
Okawaru
Qazlal
Ru
Sif Muna
Uskayaw
Vehumet
Wu Jian
Xom
Yredelemnul
Zin

Annotations:
D:6 1 runed door, Hebeh's ghost, novice MiFi


Innate Abilities, Weirdness & Mutations

You reflexively headbutt those who attack you in melee.
You have a pair of horns on your head.


Message History

You are too injured to fight recklessly!
Unknown command.
Unknown command.
You slash the electric eel!
You kill the electric eel!
You hear a splash.
The electric eel shoots out a bolt of lightning at you!
The bolt of electricity hits the plant.
The bolt of electricity hits you! x2
You enter the shallow water.
Moving in this stuff is going to be slow.
The electric eel shoots out a bolt of lightning at you!
The bolt of electricity hits the plant.
The bolt of electricity hits you!
* * * LOW HITPOINT WARNING * * *
You see here an electric eel corpse.
The electric eel shoots out a bolt of lightning at you!
The bolt of electricity hits you!
* * * LOW HITPOINT WARNING * * *
The electric eel shoots out a bolt of lightning at you!
The bolt of electricity hits you!
You die...

♣≈≈♣.. ########....#####
≈P≈P≈≈♣♣.....###..<.....
≈≈≈≈≈≈≈≈≈≈##.###..######
≈≈≈≈≈≈≈≈≈≈♣#.#..........
PP≈≈PP≈≈≈≈≈P.#.#########
♣≈≈;P≈≈≈≈≈♣#.#.#
.≈..≈≈≈†♣≈ #.#.#
........####.#.#
.......@)....#.#
P(.≈....####.#.########
≈≈≈≈≈≈### #..........#
≈≈≈≈♣# ###.######.# ♣♣♣♣
#.# #.# #.######.#
#........# ########.#
###


You could see an electric eel.

Vanquished Creatures
  Menkaure (D:5)
  2 ice beasts
  A black bear (D:6)
  A sky beast (D:5)
  2 ogres (D:5)
  2 centaurs
  A bullfrog (D:6)
  2 scorpions
  An electric eel (D:7)
  2 jellies (D:2)
  2 hounds
  3 orc wizards
  An iguana (D:6)
  A worker ant (D:4)
  2 hound skeletons (D:5)
  7 adders
  A shadow imp (D:7)
  10 oozes
  A worm (D:3)
  4 dart slugs
  10 leopard geckos
  10 orcs
  5 giant cockroaches
  12 hobgoblins
  13 jackals
  19 kobolds
  3 quokkas
  A ball python (D:5)
  8 bats
  10 frilled lizards
  10 goblins
  A leopard gecko skeleton (D:4)
  5 rats
154 creatures vanquished.

Vanquished Creatures (others)
  An orc (D:7)
  2 fungi (D:2)
  5 toadstools (D:2)
8 creatures vanquished.

Grand Total: 162 creatures vanquished

Notes
Turn   | Place    | Note
-------+----------+-------------------------------------------
     0 | D:1      | Hebeh the Minotaur Fighter began the quest for the Orb.
     0 | D:1      | Reached XP level 1. HP: 19/19 MP: 0/0
    84 | D:1      | Reached XP level 2. HP: 24/27 MP: 1/1
   104 | D:1      | Reached skill level 3 in Axes
   258 | D:1      | Reached XP level 3. HP: 28/33 MP: 2/2
   639 | D:2      | Found a basalt altar of Yredelemnul.
   722 | D:2      | Reached XP level 4. HP: 35/40 MP: 3/3
   802 | D:2      | Reached skill level 4 in Axes
  1141 | D:2      | Found a glowing silver altar of Zin.
  1362 | D:2      | Reached XP level 5. HP: 33/47 MP: 4/4
  1786 | D:3      | Reached skill level 5 in Axes
  2040 | D:3      | Reached XP level 6. HP: 55/55 MP: 5/5
  2067 | D:3      | Reached skill level 5 in Shields
  2105 | D:3      | Reached skill level 5 in Fighting
  2118 | D:3      | Reached skill level 5 in Armour
  2604 | D:4      | Found a staircase to the Ecumenical Temple.
  2619 | Temple   | Entered the Ecumenical Temple
  2767 | D:4      | Found a snail-covered altar of Cheibriados.
  3056 | D:5      | Entered Level 5 of the Dungeon
  3065 | D:5      | Reached skill level 6 in Axes
  3065 | D:5      | Reached XP level 7. HP: 17/61 MP: 6/6
  3298 | D:5      | Noticed Menkaure
  3307 | D:5      | Killed Menkaure
  3475 | D:5      | Found a sparkling altar of Nemelex Xobeh.
  3501 | D:5      | Reached skill level 7 in Axes
  3538 | D:5      | Found a white marble altar of Elyvilon.
  3711 | D:5      | Found a hazy altar of Hepliaklqana.
  3790 | D:5      | Reached XP level 8. HP: 70/70 MP: 7/7
  4074 | D:6      | Found a runed door.
  4074 | D:6      | Noticed Hebeh's ghost (novice MiFi)
  4349 | D:6      | Reached skill level 8 in Axes
  4707 | D:6      | Found a shadowy altar of Dithmenos.
  5574 | D:7      | Killed from afar by an electric eel

Vault maps used:
D:1:      scummos_arrival_checkerplants, minmay_bisected
D:2:      cheibrodos_fertilizer, zin_scriptorium, lemuel_round_altar
D:4:      cheibriados_altar_1, minmay_temple_entry_trees, serial_glass,
          glass_columns_a, glass_columns_c, feat_on_display,
          minmay_strange_pillars, minmay_strange_pillars
D:5:      lemuel_doored_altar, kennysheep_little_box, basic_altar, first_ration,
          uniq_menkaure
D:6:      black_bear_nest_2, nicolae_overflow_crystal_walls,
          ebering_ghost_reflecting_pool
D:7:      serial_bayou_ford_a, kennysheep_small_square, uniq_crazy_yiuf_cottage
Temple:   dshaligram_water_room_temple

Skill      XL: |  1  2  3  4  5  6  7  8 |
---------------+-------------------------+-----
Axes           | 3 4 5 6 7 8 |  8.5
Fighting       | 4 5 6 |  6.9
Shields        | 4 5 6 |  6.9
Armour         | 4 5 6 |  6.8

Action                   |  1- 3 |  4- 6 |  7- 9 || total
-------------------------+-------+-------+-------++-------
Melee: War axe           |    95 |   160 |   116 ||   371
       Headbutt          |    10 |    25 |    21 ||    56
Evoke: Wand              |       |       |     1 ||     1
  Use: Scroll            |       |     7 |       ||     7
  Eat: Chunk             |       |     4 |     7 ||    11
       Ration            |       |     1 |       ||     1
Armor: Scale mail        |    50 |    74 |    37 ||   161
Dodge: Dodged            |    31 |    53 |    49 ||   133
Block: Shield            |    43 |    89 |    73 ||   205

Table legend:
 A = Spawn XP
 B = Non-spawn XP
 C = Spawn XP percentage of total XP
 D = Spawn monster count
 E = Non-spawn monster count
 F = Spawn count percentage of total count
 G = Total turns spent on level
                    A         B        C        D         E        F      G
               +---------+---------+-------+---------+---------+-------+---------
         Total |       0 |    2263 |   0.0 |       0 |     154 |   0.0 |  5574
               +---------+---------+-------+---------+---------+-------+---------
           D:1 |       0 |      62 |   0.0 |       0 |      31 |   0.0 |   623
           D:2 |       0 |     262 |   0.0 |       0 |      47 |   0.0 |  1116
           D:3 |       0 |     203 |   0.0 |       0 |      34 |   0.0 |   657
           D:4 |       0 |      90 |   0.0 |       0 |       9 |   0.0 |   568
           D:5 |       0 |     977 |   0.0 |       0 |      20 |   0.0 |  1004
           D:6 |       0 |     528 |   0.0 |       0 |       8 |   0.0 |  1139
           D:7 |       0 |     141 |   0.0 |       0 |       5 |   0.0 |   375
               +---------+---------+-------+---------+---------+-------+---------
